← All builds
Pond / Armada / Economy first / OBSERVED BUILD

Seeker hover raid

Armada Pond build order · Supreme Isthmus

Pond opens a Hovercraft Platform instead of Bot Lab, pushing Seeker hovercraft out from 4:05 to raid deep into the enemy base.

Usually pumps units (64%)

#raid #rush #amphibious · 33 distinct matches · 19 players · 2% of Armada Pond games · team won 58% of 33 · Recently observed

THE CATCH, AND WHAT COMES WITH IT
  • SeekerHover raid from 4:05 · 2% of role by thenFrom the Hovercraft Platform. Only 2% of Pond games have it by then; others who build it get it around 4:24
  • Hovercraft PlatformHovercraft Platform in 97%2% of all Pond games by then
  • SeekerSeeker in 58%1% of all Pond games by then

Where those units first fight, in 33 games with kill data: in the middle 73%, in the enemy base 15%, on their own side 12%.

Those units destroy a typical 1,748 metal of enemy units by 15:00.

HOW TO PLAY IT

Key timing: Hovercraft Platform by 3:18

  1. Open tidal-heavy eco instead of the usual lab-first economy.
  2. Rush the Hovercraft Platform straight off early tidals.
  3. Push Seeker hovercraft out to raid toward the enemy base.
  4. Reclaim the Hovercraft Platform once the raid runs its course.
  5. Pivot into Bot Lab and normal T2 constructor transition.

Phase by phase

TYPICAL OF ITS 33 GAMES · AGAINST STANDARD POND
  1. 1
  2. 2
  3. 3
PLAY THE OPENING

Follow the example game's first 6:00 step by step: what to build now, what comes next, and where it goes. At 1× it keeps pace with your own game.

  1. 1

    Up to the Hover raid

    Economy
    • Metal Extractor4Mex
    • Tidal Generator8Tidalfor allies
    • Wind Turbine7Wind
    • Tidal Generator1Tidal
    • Energy Storage1Energy storage
    Order
    1. Hovercraft PlatformHovercraft Platform after 4 mex, 6 wind, 1 energy storage
    2. SeekerHover raid after 4 mex, 7 wind, 1 energy storage

    Some games also: con hovercraft (48%)

    By 4:05 in all: 4 mex · 7 wind · 1 tidal · 1 energy storage

    The example game in this phase · 8 steps
    1. Tidal ×8for Suicide front
    2. Tidal ×2
    3. Mex ×4
    4. Energy storage
    5. Wind ×4
    6. Hovercraft PlatformHovercraft Platformdone 3:46 · typical 3:53
    7. Wind
    8. SeekerSeekerdone 4:00
  2. 2

    Hover raid to Bot Lab

    Economy
    • Wind Turbine9Wind−12 vs standard
    Order
    1. Hovercraft PlatformEat Hovercraft Platform in 73% of games
    2. Bot LabBot Lab after 4 mex, 19 wind, 1 tidaldone ~8:04, middle half 6:25–11:06
    Builders
    • Construction Turret1 Con turret
    Army
    • Seeker17 Seeker +17 vs standard

    Some games also: con hovercraft (42%) · converter (33%)

    The standard build makes here, this one skips: 6 converter

    By 8:14 in all: 4 mex · 19 wind (standard 26) · 1 tidal · 1 energy storage · 1 con turret

    The example game in this phase · 7 steps
    1. Wind
    2. SeekerSeeker
    3. Wind ×2
    4. SeekerSeeker ×10
    5. Construction HovercraftCon hovercraft ×2
    6. Con turret
    7. Bot LabBot Labdone 6:12 · typical 8:04
  3. 3

    Bot Lab to 10:00

    Some games also: wind (45%)

    The standard build makes here, this one skips: 10 wind

    By 10:00 in all: 4 mex · 24 wind (standard 38) · 1 tidal · 1 converter (standard 9) · 1 energy storage · 1 con turret (standard 3)

    The example game in this phase · 51 steps
    1. Hovercraft PlatformEat Hovercraft Platformreclaimed for its metal
    2. PawnPawn ×3
    3. Con turret
    4. PawnPawn ×2
    5. Con turret
    6. PawnPawn
    7. BeamerBeamer
    8. PawnPawn ×7
    9. Mex
    10. PawnPawn ×5
    11. LazarusLazarus
    12. Mex
    13. LazarusLazarus
    14. Con turret
    15. PawnPawn
    16. Con turret
    17. BeamerBeamer
    18. PawnPawn ×3
    19. Wind
    20. PawnPawn
    21. Wind
    22. PawnPawn
    23. Converter
    24. PawnPawn ×2
    25. BeamerBeamer
    26. Bot LabEat Bot Labreclaimed for its metal
    27. Converter
    28. BeamerBeamer
    29. Converter
    30. BeamerBeamer
    31. Converter
    32. BeamerBeamer
    33. Converter ×2
    34. Metal storage
    35. Con turret
    36. Wind ×19
    37. Advanced Metal ExtractorT2 mexdone 12:37 · typical 9:19
    38. Wind ×2
    39. Advanced Metal ExtractorT2 mex
    40. Wind ×11
    41. Advanced Metal ExtractorT2 mex
    42. Wind ×7
    43. BeamerBeamer
    44. Wind
    45. Advanced Metal ExtractorT2 mex
    46. Wind
    47. BeamerBeamer
    48. Wind
    49. BeamerBeamer
    50. Wind
    51. BeamerBeamer ×4

Counts are medians over the build's games: half of them build more, half fewer. The example game is haaven's (41 OS, 08/10/2026); pick another.

Team trades

IN AT LEAST 30% OF ITS GAMES

You hand over

  • Tidal Generator8 Tidal to Suicide front or Frontfirst at 0:12 · in 70% of games

You get

  • Advanced Construction Bot1 T2 con bot from Techfirst at 7:32 · in 82% of games

How it plays out

Typical game of this build against the role’s standard build, running totals by minute

  • This build
  • Standard pond

Metal produced

010k20k30k
0:005:0010:0015:00

metal

Enemy metal destroyed

02k4k6k
0:005:0010:0015:00

metal

Own metal lost

02k4k
0:005:0010:0015:00

metal

33 games.

Show as table
ByMetal produced: This buildMetal produced: Standard pondEnemy metal destroyed: This buildEnemy metal destroyed: Standard pondOwn metal lost: This buildOwn metal lost: Standard pond
1:001151150000
2:003022680000
3:008807990000
4:00155214730000
5:00223121850000
6:00294329951300850
7:0038023910670213400
8:00490449481144170680117
9:005699622317763791105316
10:006814770520826111420552
11:008375964526228421800855
12:0010031120522654116922101289
13:0011630145382791155324651876
14:0013813174272807213430102535
15:0015975201884091259931453249
WHAT THE NUMBERS SAY

Team won the same share as the standard build, but this raid lost far more metal than it destroyed by 10:00.

  • + Destroys more enemy metal than standard by 10:00 (2166 vs 670)
  • + Hovercraft Platform live by 3:18 vs almost no one in role
  • − Own metal lost by 10:00 is 2348 vs 431 for standard
  • − Metal produced falls well behind standard by 15:00 (14103 vs 20997)
THE EXAMPLE YOU ARE READING

haaven

40.6 OS · 08/10/2026

Open source match ↗

17 received units · includes a constructor
969 metal received · 61474 energy received

Allied construction assistance is unknown. Timings are observations, not a promise of solo reproducibility.

Typical milestones

Hovercraft Platform3:53Middle 50%: 3:40–4:10 · n=32
Bot Lab8:04Middle 50%: 6:25–11:06 · n=17
Advanced Metal Extractor9:19Middle 50%: 8:28–11:15 · n=27

Played most by

Rysica8games of this buildYogaBoy1584973games of this buildViltrum3games of this buildhaaven2games of this buildMrCoolPotato2games of this build